 Dungeon Crawl Stone Soup version 0.20-a0-428-g059cf21 (webtiles) character file.

90 Elitist the Slasher (level 4, -4/30 HPs)
             Began as a Halfling Gladiator on Jan 1, 2017.
             Was an Initiate of the Shining One.
             Killed by nerve-wracking pain
             ... invoked by Grinder
              (8 damage)
             ... on level 3 of the Dungeon.
             The game lasted 00:03:26 (1247 turns).

Elitist the Slasher (Halfling Gladiator)            Turns: 1247, Time: 00:03:27

Health: -4/30      AC: 10    Str: 16    XL:     4   Next: 85%
Magic:  4/4        EV: 10    Int: 11    God:    the Shining One [......]
Gold:   54         SH:  0    Dex: 15    Spells: 3/3 levels left

rFire  . . .     SeeInvis .     a - +0 long sword
rCold  . . .     Gourm    +     l - +0 chain mail
rNeg   . . .     Faith    .     (shield restricted)
rPois  .         Spirit   .     c - +0 helmet
rElec  .         Reflect  .     (no cloak)
rCorr  .         Harm     .     (no gloves)
MR     .....                    h - +0 pair of boots (curse)
Stlth  ..........               q - amulet of the gourmand
                                (no ring)
                                (no ring)

@: brilliant, glowing
A: mutation resistance 1
a: Renounce Religion


You were on level 3 of the Dungeon.
You worshipped the Shining One.
The Shining One was noncommittal.
You were not hungry.

You visited 1 branch of the dungeon, and saw 3 of its levels.

You collected 54 gold pieces.

Inventory:

Hand Weapons
 a - a +0 long sword (weapon)
 b - a +0 hunting sling
 g - a +1 dagger of protection
Missiles
 d - 3 throwing nets (quivered)
 k - 54 stones
Armour
 c - a +0 helmet (worn)
 h - a cursed +0 pair of boots (worn)
 l - a +0 chain mail (worn)
 p - a +0 leather armour
Jewellery
 q - an amulet of the gourmand (around neck)
Scrolls
 e - a scroll of fog {unknown}
 i - a scroll of random uselessness {unknown}
 j - 2 scrolls of identify
 n - a scroll of teleportation {unknown}
 o - a scroll of fear {unknown}
 r - a scroll of remove curse {unknown}
Potions
 m - 2 potions of brilliance
Comestibles
 f - a bread ration
 s - a chunk of flesh


   Skills:
 + Level 2.9 Fighting
 * Level 4.0 Long Blades
 + Level 1.5(2.4) Slings
 - Level 2.0(2.1) Throwing
 + Level 1.0 Armour
 - Level 3.3 Dodging


You had 3 spell levels left.
You didn't know any spells.

Dungeon Overview and Level Annotations

Branches:
Dungeon (3/15)

Altars:
Xom
The Shining One

Annotations:
D:3 Grinder


Innate Abilities, Weirdness & Mutations

You are small and have problems with some larger weapons.
You are somewhat resistant to further mutation.


Message History

You suddenly lose the ability to move!
Grinder blinks!
Grinder gestures at you. Pain shoots through your body!
* * * LOW HITPOINT WARNING * * *
Grinder gestures at you.
You shrug off the repeated paralysis!
You can move again.
a - a +0 long sword (weapon)
You barely miss Grinder.
Grinder is almost dead.
Grinder hits you but does no damage.
Your chain mail prevents you from hitting Grinder.
Grinder is almost dead.
Grinder hits you but does no damage.
You hit Grinder.
Grinder is almost dead.
Grinder gestures at you. Pain shoots through your body!
You die...

#( ..# #( .(# #.
.(# #.##(.# # #
#.†[..#.##
#.##.<........
#.#.............
.......5.....###
#.#####@###### #
#.# #.# ..# .#.
._ . #. . #. #.


You could see Grinder.

Vanquished Creatures
  Jessica (D:3)
  Ijyb (D:2)
  An adder (D:2)
  An orc (D:2)
  5 giant cockroaches
  4 goblins
  2 hobgoblins
  A quokka (D:3)
  3 bats
  4 frilled lizards
  4 kobolds
  A rat (D:1)
28 creatures vanquished.

Notes
Turn   | Place    | Note
-------+----------+-------------------------------------------
     0 | D:1      | Elitist the Halfling Gladiator began the quest for the Orb.
     0 | D:1      | Reached XP level 1. HP: 14/14 MP: 1/1
   274 | D:1      | Reached XP level 2. HP: 19/19 MP: 2/2
   797 | D:2      | Noticed Ijyb
   825 | D:2      | Killed Ijyb
   825 | D:2      | Reached XP level 3. HP: 22/25 MP: 3/3
   871 | D:2      | Found a glowing golden altar of the Shining One.
   882 | D:2      | Became a worshipper of the Shining One
  1027 | D:2      | Reached XP level 4. HP: 30/30 MP: 4/4
  1033 | D:2      | Reached skill level 1 in Slings
  1175 | D:3      | Noticed Jessica
  1191 | D:3      | Killed Jessica
  1191 | D:3      | Reached skill level 4 in Long Blades
  1191 | D:3      | Reached skill level 1 in Armour
  1194 | D:3      | Noticed Grinder
  1195 | D:3      | Paralysed by Grinder for 7 turns
  1230 | D:3      | Found a shimmering altar of Xom.
  1237 | D:3      | Paralysed by Grinder for 7 turns
  1247 | D:3      | Killed from afar by Grinder

Vault maps used:
D:1:      matt_arrival_diagonals
D:2:      lemuel_coloured_pillars_altar, serial_curves, eino_curves_01,
          eino_curves_01, uniq_iyjb
D:3:      lemuel_crystal_altar, uniq_jessica, uniq_grinder, uniq_natasha

Skill      XL: |  1  2  3  4 |
---------------+-------------+-----
Fighting       | 2 |  2.9
Slings         | 1 |  1.5
Long Blades    | 4 |  4.0
Armour         | 1 |  1.0
Throwing       | |  2.0
Dodging        | |  3.3

Action                   |  1- 3 |  4- 6 || total
-------------------------+-------+-------++-------
Melee: Long sword        |    72 |    24 ||    96
 Fire: Hunting sling     |    14 |    11 ||    25
  Use: Scroll            |       |     1 ||     1
       Potion            |       |     1 ||     1
  Eat: Chunk             |       |     3 ||     3
Armor: Leather armour    |     4 |       ||     4
       Chain mail        |    47 |    22 ||    69
Dodge: Dodged            |    46 |    20 ||    66
       Rpst.: Long sword |    11 |     8 ||    19
